3L
CHICAGO HAWKS @ LAS VEGAS FLAMINGOS
09/22/2025
 
TOP OF THE 1ST
Chicago Hawks batting - Pitching for Las Vegas Flamingos : RHP Cris Herrera
Pitching: RHP Cris Herrera
Batting: LHB Johnny Hernández 0-0: Ball
1-0: Swinging Strike
1-1: Ball
2-1: Ground out 4-3 (Groundball, 4S)
Batting: SHB Evan Adams 0-0: Called Strike
0-1: Ball
1-1: Ball
2-1: Ground out 1-3 (Groundball, 13)
Batting: RHB Robbie Roach 0-0: SINGLE (Flyball, 89S)
Batting: LHB Jeff Rutherford 0-0: Called Strike
0-1: Called Strike
0-2: Strikes out swinging
Top of the 1st over - 0 run(s), 1 hit(s), 0 error(s), 1 left on base; Chicago 0 - Las Vegas 0
BOTTOM OF THE 1ST
Las Vegas Flamingos batting - Pitching for Chicago Hawks : RHP Benny York
Pitching: RHP Benny York
Batting: LHB Sinclair van Kooten 0-0: Fly out, F8 (Flyball, 8LD)
Batting: RHB Xavier Hernández 0-0: Ground out 4-3 (Groundball, 4)
Batting: LHB Victor Adams 0-0: Ball
1-0: Foul Ball, location: 2F
1-1: Foul Ball, location: 2F
1-2: Ball
2-2: Hit by Pitch
Batting: LHB Chris McKinney 0-0: Ball
1-0: 2-RUN HOME RUN (Flyball, 9LD), Distance : 353 ft
Batting: RHB Sake van Arem 0-0: Foul Ball, location: 2F
0-1: Foul Ball, location: 2F
0-2: DOUBLE (Line Drive, 7LD)
Batting: RHB Jeff Young 0-0: Called Strike
0-1: Foul Ball, location: 2F
0-2: Foul Ball, location: 2F
0-2: Ball
1-2: Foul Ball, location: 2F
1-2: SINGLE (Groundball, 56S) (infield hit)
Sake van Arem to third
Batting: LHB Jake Shelton 0-0: Ball
1-0: Ball
2-0: Fielders Choice at 2nd, 4-6 (Groundball, 4)
Bottom of the 1st over - 2 run(s), 3 hit(s), 0 error(s), 1 left on base; Chicago 0 - Las Vegas 2
TOP OF THE 2ND
Chicago Hawks batting - Pitching for Las Vegas Flamingos : RHP Cris Herrera
Batting: RHB Pablo Trujillo 0-0: Ball
1-0: SINGLE (Flyball, 8RS)
Batting: LHB Mike Pace 0-0: Ball
1-0: Ball
2-0: Called Strike
2-1: DOUBLE (Flyball, 7LM)
Pablo Trujillo to third
Batting: LHB Jeff Conklin 0-0: Ball
1-0: Swinging Strike
1-1: Swinging Strike
1-2: Ball
2-2: Ball
3-2: Base on Balls
Batting: RHB Pedro Longoria 0-0: Called Strike
0-1: Foul Ball, location: 2F
0-2: Ball
1-2: Ball
2-2: Strikes out swinging
Batting: RHB Lorenzo Sabastro 0-0: Ball
1-0: Swinging Strike
1-1: Ball
2-1: Fielders Choice at 2nd, 5-4 (Groundball, 56)
Pablo Trujillo scores
Mike Pace to third
Batting: LHB Johnny Hernández 0-0: Swinging Strike
0-1: Called Strike
0-2: DOUBLE (Line Drive, 9D)
Mike Pace scores
Lorenzo Sabastro to third
Lorenzo Sabastro scores
Batting: SHB Evan Adams 0-0: Swinging Strike
0-1: Swinging Strike
0-2: Ball
1-2: Ball
2-2: Strikes out looking
Top of the 2nd over - 3 run(s), 3 hit(s), 0 error(s), 1 left on base; Chicago 3 - Las Vegas 2
BOTTOM OF THE 2ND
Las Vegas Flamingos batting - Pitching for Chicago Hawks : RHP Benny York
Batting: SHB Kunimichi Chikafuji 0-0: Called Strike
0-1: Swinging Strike
0-2: Ball
1-2: Foul Ball, location: 2F
1-2: Foul Ball, location: 2F
1-2: Ground out 6-3 (Groundball, 6M)
Batting: RHB Edmund Gallagher 0-0: Called Strike
0-1: Ball
1-1: Ball
2-1: Ball
3-1: Foul Ball, location: 2F
3-2: Foul Ball, location: 2F
3-2: Ground out 5-3 (Groundball, 5)
Batting: LHB Sinclair van Kooten 0-0: Called Strike
0-1: Swinging Strike
0-2: Ball
1-2: Ground out 4-3 (Groundball, 4)
Bottom of the 2nd over - 0 run(s), 0 hit(s), 0 error(s), 0 left on base; Chicago 3 - Las Vegas 2
TOP OF THE 3RD
Chicago Hawks batting - Pitching for Las Vegas Flamingos : RHP Cris Herrera
Batting: RHB Robbie Roach 0-0: Swinging Strike
0-1: Called Strike
0-2: Ball
1-2: Strikes out swinging
Batting: LHB Jeff Rutherford 0-0: Swinging Strike
0-1: Ball
1-1: Fly out, F4 (Flyball, 4MD)
Batting: RHB Pablo Trujillo 0-0: Ground out 5-3 (Groundball, 5L)
Top of the 3rd over - 0 run(s), 0 hit(s), 0 error(s), 0 left on base; Chicago 3 - Las Vegas 2
BOTTOM OF THE 3RD
Las Vegas Flamingos batting - Pitching for Chicago Hawks : RHP Benny York
Batting: RHB Xavier Hernández 0-0: SINGLE (Line Drive, 89S)
Batting: LHB Victor Adams 0-0: SINGLE (Line Drive, 89S)
Xavier Hernández to second
Batting: LHB Chris McKinney 0-0: Foul Ball, location: 2F
0-1: Ball
1-1: Ball
2-1: Ball
3-1: Base on Balls
Xavier Hernández to third
Victor Adams to second
Batting: RHB Sake van Arem 0-0: Ball
1-0: SINGLE (Groundball, 3D)
Xavier Hernández scores
Victor Adams to third
Chris McKinney to second
Batting: RHB Jeff Young 0-0: Ball
1-0: Ball
Wild Pitch!
Victor Adams scores
Chris McKinney to third
Sake van Arem to second
2-0: Ball
3-0: Called Strike
3-1: Called Strike
3-2: Fly out, F7 (Flyball, 7)
Runner from 3rd tags up, SCORES, throw made
Batting: LHB Jake Shelton 0-0: Foul Ball, location: 2F
0-1: Called Strike
0-2: Ball
1-2: Fly out, F6 (Popup, 56D)
Batting: SHB Kunimichi Chikafuji 0-0: Ball
1-0: Called Strike
1-1: Foul Ball, location: 2F
1-2: SINGLE (Line Drive, 34)
Sake van Arem to third
Runner from 3rd tries for Home, SAFE, no throw
Batting: RHB Edmund Gallagher 0-0: Ball
1-0: Fly out, F6 (Popup, 6D)
Bottom of the 3rd over - 4 run(s), 4 hit(s), 0 error(s), 1 left on base; Chicago 3 - Las Vegas 6
TOP OF THE 4TH
Chicago Hawks batting - Pitching for Las Vegas Flamingos : RHP Cris Herrera
Batting: LHB Mike Pace 0-0: Called Strike
0-1: Ball
1-1: Ball
2-1: Ball
3-1: Base on Balls
Batting: LHB Jeff Conklin 0-0: Ball
1-0: Hit by Pitch
Mike Pace to second
Batting: RHB Pedro Longoria 0-0: Ball
1-0: Called Strike
1-1: Swinging Strike
1-2: Foul Ball, location: 2F
1-2: Strikes out looking
Batting: RHB Lorenzo Sabastro 0-0: Called Strike
0-1: Swinging Strike
0-2: Ball
1-2: Strikes out looking
Batting: LHB Johnny Hernández 0-0: Foul Ball, location: 2F
0-1: SINGLE (Groundball, 56D)
Mike Pace to third
Jeff Conklin to second
Runner from 3rd tries for Home, SAFE, throw made home
Batting: SHB Evan Adams 0-0: Ball
1-0: Ball
2-0: Called Strike
2-1: Fielders Choice at 2nd, 6-4 (Groundball, 6)
Top of the 4th over - 1 run(s), 1 hit(s), 0 error(s), 1 left on base; Chicago 4 - Las Vegas 6
BOTTOM OF THE 4TH
Las Vegas Flamingos batting - Pitching for Chicago Hawks : RHP Benny York
Batting: LHB Sinclair van Kooten 0-0: Ball
1-0: Called Strike
1-1: Ground out 1-3 (Groundball, 13)
Batting: RHB Xavier Hernández 0-0: Called Strike
0-1: Foul Ball, location: 2F
0-2: Foul Ball, location: 2F
0-2: Strikes out swinging
Batting: LHB Victor Adams 0-0: Ground out 5-3 (Groundball, 2L)
Bottom of the 4th over - 0 run(s), 0 hit(s), 0 error(s), 0 left on base; Chicago 4 - Las Vegas 6
TOP OF THE 5TH
Chicago Hawks batting - Pitching for Las Vegas Flamingos : RHP Cris Herrera
Batting: RHB Robbie Roach 0-0: Called Strike
0-1: Called Strike
0-2: Ball
1-2: Strikes out looking
Batting: LHB Jeff Rutherford 0-0: Ball
1-0: Ball
2-0: Ball
3-0: Foul Ball, location: 2F
3-1: Base on Balls
Batting: RHB Pablo Trujillo 0-0: Ball
1-0: Called Strike
1-1: Called Strike
1-2: Strikes out swinging
Batting: LHB Mike Pace 0-0: Called Strike
0-1: Ball
1-1: Swinging Strike
1-2: Ground out 4-3 (Groundball, 34D)
Top of the 5th over - 0 run(s), 0 hit(s), 0 error(s), 1 left on base; Chicago 4 - Las Vegas 6
BOTTOM OF THE 5TH
Las Vegas Flamingos batting - Pitching for Chicago Hawks : RHP Benny York
Pitching: RHP César Galló
Batting: LHB Chris McKinney 0-0: Called Strike
0-1: Ball
1-1: SINGLE (Flyball, 8LS)
Batting: RHB Sake van Arem 0-0: Foul Ball, location: 2F
0-1: Ball
1-1: Called Strike
1-2: Ball
2-2: Strikes out looking
Batting: RHB Jeff Young 0-0: Ball
1-0: Foul Ball, location: 2F
1-1: Fly out, F8 (Flyball, 8LD)
Batting: LHB Jake Shelton 0-0: Called Strike
0-1: Ball
1-1: Ball
2-1: Foul Ball, location: 2F
2-2: Foul Ball, location: 2F
2-2: SINGLE (Groundball, 6D)
Chris McKinney to second
Batting: SHB Kunimichi Chikafuji 0-0: Swinging Strike
0-1: Fly out, F8 (Flyball, 8RD)
Bottom of the 5th over - 0 run(s), 2 hit(s), 0 error(s), 2 left on base; Chicago 4 - Las Vegas 6
TOP OF THE 6TH
Chicago Hawks batting - Pitching for Las Vegas Flamingos : RHP Cris Herrera
Batting: LHB Jeff Conklin 0-0: Foul Ball, location: 2F
0-1: Ball
1-1: Swinging Strike
1-2: Ball
2-2: Ball
3-2: SOLO HOME RUN (Flyball, 8RXD), Distance : 449 ft
Batting: RHB Pedro Longoria 0-0: Ball
1-0: Foul Ball, location: 2F
1-1: Ball
2-1: SINGLE (Line Drive, 56D)
Batting: RHB Lorenzo Sabastro 0-0: Sac Bunt - play at first, batter OUT! 1-4
Pedro Longoria to second
Batting: LHB Johnny Hernández 0-0: Ball
1-0: Called Strike
1-1: Ball
2-1: Foul Ball, location: 2F
2-2: Strikes out swinging
Pitching: RHP Christian Pitts
Batting: SHB Evan Adams 0-0: Swinging Strike
0-1: Called Strike
0-2: Hit by Pitch
Batting: RHB Robbie Roach 0-0: Called Strike
0-1: Called Strike
0-2: Strikes out looking
Top of the 6th over - 1 run(s), 2 hit(s), 0 error(s), 2 left on base; Chicago 5 - Las Vegas 6
BOTTOM OF THE 6TH
Las Vegas Flamingos batting - Pitching for Chicago Hawks : RHP César Galló
Batting: RHB Edmund Gallagher 0-0: Called Strike
0-1: Ground out 6-3 (Groundball, 6)
Batting: LHB Sinclair van Kooten 0-0: Foul Ball, location: 2F
0-1: Ball
1-1: Ball
2-1: Ball
3-1: Called Strike
3-2: Fly out, F7 (Flyball, 78S)
Batting: RHB Xavier Hernández 0-0: Foul Ball, location: 2F
0-1: Ball
1-1: Ball
2-1: Foul Ball, location: 2F
2-2: Fly out, F7 (Flyball, 7D)
Bottom of the 6th over - 0 run(s), 0 hit(s), 0 error(s), 0 left on base; Chicago 5 - Las Vegas 6
TOP OF THE 7TH
Chicago Hawks batting - Pitching for Las Vegas Flamingos : RHP Christian Pitts
Batting: LHB Jeff Rutherford 0-0: Ball
1-0: Ball
2-0: Ball
3-0: Base on Balls
Pinch Hitting: LHB Bill Griffin 0-0: Ball
1-0: Called Strike
1-1: Foul Ball, location: 2F
1-2: Strikes out swinging
Batting: LHB Mike Pace 0-0: Called Strike
0-1: Called Strike
0-2: Ground out U3 (Groundball, 34)
Jeff Rutherford to second
Batting: LHB Jeff Conklin 0-0: Ball
1-0: Ball
2-0: Foul Ball, location: 2F
2-1: Swinging Strike
2-2: Ball
3-2: Foul Ball, location: 2F
3-2: Foul Ball, location: 2F
3-2: Foul Ball, location: 2F
3-2: Base on Balls
Batting: RHB Pedro Longoria 0-0: Called Strike
0-1: Ground out 6-3 (Groundball, 6MS)
Top of the 7th over - 0 run(s), 0 hit(s), 0 error(s), 2 left on base; Chicago 5 - Las Vegas 6
BOTTOM OF THE 7TH
Las Vegas Flamingos batting - Pitching for Chicago Hawks : RHP César Galló
Now in RF: Bill Griffin
Batting: LHB Victor Adams 0-0: Ball
1-0: Ball
2-0: Ball
3-0: Base on Balls
Batting: LHB Chris McKinney 0-0: Called Strike
0-1: Fly out, F9 (Flyball, 9S)
Batting: RHB Sake van Arem 0-0: Ball
1-0: Called Strike
1-1: Ball
2-1: Called Strike
2-2: Ball
3-2: Foul Ball, location: 2F
3-2: SINGLE (Groundball, 56D)
Victor Adams to second
Batting: RHB Jeff Young 0-0: Ball
1-0: Foul Ball, location: 2F
1-1: Grounds into double play, 6-4-3 (Groundball, 56D)
Bottom of the 7th over - 0 run(s), 1 hit(s), 0 error(s), 1 left on base; Chicago 5 - Las Vegas 6
TOP OF THE 8TH
Chicago Hawks batting - Pitching for Las Vegas Flamingos : RHP Christian Pitts
Pitching: RHP Joey McCarthy
Batting: RHB Lorenzo Sabastro 0-0: Called Strike
0-1: Fly out, F7 (Line Drive, 7)
Pitching: RHP Jim Washington
Batting: LHB Johnny Hernández 0-0: Called Strike
0-1: Ground out 4-3 (Groundball, 4)
Batting: SHB Evan Adams 0-0: Foul Ball, location: 2F
0-1: Ball
1-1: Ball
2-1: Ground out 4-3 (Groundball, 4)
Top of the 8th over - 0 run(s), 0 hit(s), 0 error(s), 0 left on base; Chicago 5 - Las Vegas 6
BOTTOM OF THE 8TH
Las Vegas Flamingos batting - Pitching for Chicago Hawks : RHP César Galló
Batting: LHB Jake Shelton 0-0: Hit by Pitch
Pinch Hitting: RHB John Aston 0-0: Ball
1-0: Ball
2-0: Grounds into double play, 6-4-3 (Groundball, 6)
Pitching: RHP Joaquín Rodríguez
Batting: RHB Edmund Gallagher 0-0: Called Strike
0-1: Fly out, F7 (Flyball, 7)
Bottom of the 8th over - 0 run(s), 0 hit(s), 0 error(s), 0 left on base; Chicago 5 - Las Vegas 6
TOP OF THE 9TH
Chicago Hawks batting - Pitching for Las Vegas Flamingos : RHP Jim Washington
Pitching: RHP Enrique García
Now at SS: Wilbert Carter
Batting: RHB Robbie Roach 0-0: Ground out 1-3 (Groundball, P)
Batting: LHB Jeff Rutherford 0-0: Ball
1-0: Foul Ball, location: 2F
1-1: Ball
2-1: Called Strike
2-2: Ball
3-2: Base on Balls
Batting: LHB Bill Griffin 0-0: Called Strike
0-1: Foul Ball, location: 2F
0-2: Foul Ball, location: 2F
0-2: Strikes out looking
Batting: LHB Mike Pace 0-0: Called Strike
0-1: Ball
1-1: Ball
2-1: Swinging Strike
2-2: Strikes out looking
Top of the 9th over - 0 run(s), 0 hit(s), 0 error(s), 1 left on base; Chicago 5 - Las Vegas 6
Friday, December 30th, 2016 - OOTP Baseball 17.12 Build 75